 Dungeon Crawl Stone Soup version 0.26-a0-540-g8a0c9464d7 (webtiles) character file.

Game seed: 5874815573259191390

69 Gorglomux the Skirmisher (level 4, -1/39 HPs)
             Began as a Palentonga Delver on Aug 21, 2020.
             Slain by a howler monkey (7 damage)
             ... on level 4 of the Dungeon.
             The game lasted 00:02:16 (345 turns).

Gorglomux the Skirmisher (Palentonga Delver)         Turns: 345, Time: 00:02:16

Health: -1/39      AC:  4    Str: 15    XL:     4   Next: 2%
Magic:  4/4        EV:  9    Int: 11    God:
Gold:   10         SH:  0    Dex: 12    Spells: 3/3 levels left

rFire    . . .     SeeInvis +   a - +0 short sword
rCold    . . .     Faith    .   (no shield)
rNeg     . . .     Spirit   .   b - +0 leather armour
rPois    .         Reflect  .   (no helmet)
rElec    .         Harm     .   (no cloak)
rCorr    .         Rnd*Tele +   (no gloves)
MR       .....                  (boots restricted)
Stlth    +++.......             (no amulet)
HPRegen  0.13/turn              d - ring of stealth
MPRegen  0.09/turn              f - ring of teleportation (curse)

@: no status effects
A: large, rugged brown scales 3, see invisible, deformed body, roll, armoured
tail
a: Rolling Charge


You were on level 4 of the Dungeon.
You visited 1 branch of the dungeon, and saw 3 of its levels.

You collected 10 gold pieces.

Inventory:

Hand Weapons
 a - a +0 short sword (weapon)
Missiles
 Z - 2 throwing nets
Armour
 b - a +0 leather armour (worn)
Jewellery
 d - a ring of stealth (left hand)
 e - a +6 ring of intelligence
 f - a cursed ring of teleportation (right hand)
Wands
 D - a wand of digging (2)
Scrolls
 M - 2 scrolls of magic mapping


   Skills:
 + Level 4.1 Fighting
 + Level 3.3 Short Blades
 - Level 1.5 Dodging
 - Level 3.3 Stealth


You had 3 spell levels left.
You didn't know any spells.
Your spell library was empty.

Dungeon Overview and Level Annotations

Branches:
Dungeon (6/15)
 Temple: D:4-7

Altars:


Innate Abilities, Weirdness & Mutations

You are completely covered in rugged brown scales. (AC +3, +7% HP)
You have supernaturally acute eyesight. (SInv)
Armour fits poorly on your strangely shaped body.
You can roll at foes to attack.
You have a long armoured tail.


Message History

Okay, then.
Roll where?
Press: ? - help, Dir - move target cursor, f - leopard gecko
Aim: a leopard gecko You roll forward with a clatter of scales!
You hit the leopard gecko.
The leopard gecko is heavily wounded.
You hear a shout!
The leopard gecko bites you but does no damage.
You hit the leopard gecko.
You kill the leopard gecko!
Okay, then.
You aren't carrying any potions.
Evoke which item? (* to show all) (? for menu, Esc to quit)
Press: ? - help, Shift-Dir - straight line The rock shatters into small pieces.
A scorpion and a howler monkey come into view.
Found a scroll labeled ZIAHE VIMANI.
You open the door.
There is an open door here.
An adder skeleton comes into view.
The adder skeleton bites you.
* * * LOW HITPOINT WARNING * * *
You hit the adder skeleton.
The adder skeleton is moderately damaged.
You barely miss the adder skeleton.
The adder skeleton is moderately damaged.
The adder skeleton bites you but does no damage.
You hit the adder skeleton.
The adder skeleton is heavily damaged.
You hit the adder skeleton.
The adder skeleton is almost destroyed.
The adder skeleton barely misses you.
You hit the adder skeleton.
You destroy the adder skeleton!
You have reached level 4!
You feel agile.
Your extra speed is starting to run out.
You feel yourself slow down.
The howler monkey howls!
You hear a shout!
An orc priest comes into view. It is wielding a +0 mace.
The orc priest miscasts a cantrip.
Evoke which item? (* to show all) (? for menu, Esc to quit)
Okay, then.
Drop what? 9/52 slots (_ for help) (? for menu, Esc to quit)
Okay, then.
As you read the scroll of fog, it crumbles to dust.
The scroll dissolves into smoke.
The howler monkey barely misses you. The howler monkey hits you!
You die...

#.# #.#.#.## .. #.#
#.#..######.... #.#
#.#........o... #.#
#..............
##.########.#............
#......s.................
##############.§.§§......
#§§§h§...... #§§@§§§.....
############


You could see a howler monkey.

Vanquished Creatures
  A centaur skeleton (D:5)
  A hound skeleton (D:5)
  A gnoll (D:6)
  A shadow imp (D:5)
  An adder skeleton (D:4)
  A leopard gecko (D:4)
  A giant cockroach (D:5)
  2 jackals
9 creatures vanquished.

Notes
Turn   | Place    | Note
-------+----------+-------------------------------------------
     0 | D:5      | Gorglomux the Palentonga Delver began the quest for the
                  | Orb.
     0 | D:5      | Reached XP level 1. HP: 19/19 MP: 1/1
    11 | D:4      | Noticed an ogre
    23 | D:5      | Noticed a gnoll shaman
    42 | D:6      | Reached XP level 2. HP: 25/25 MP: 2/2
   113 | D:5      | Reached skill level 3 in Short Blades
   113 | D:5      | Reached XP level 3. HP: 12/32 MP: 3/3
   237 | D:5      | Noticed a sky beast
   238 | D:5      | Reached skill level 4 in Fighting
   258 | D:5      | Noticed an ogre
   280 | D:4      | Noticed an ogre
   301 | D:4      | Noticed a scorpion
   321 | D:4      | Reached XP level 4. HP: 4/39 MP: 4/4
   345 | D:4      | Slain by a howler monkey

Illustrated notes

Levels and vault maps discovered:
D:4:      layout_basic, minmay_temple_entry_offerings, uniq_duvessa
D:5:      layout_rooms, st_stairs_3
D:6:      layout_loops_ring

Skill      XL: |  1  2  3 |
---------------+----------+-----
Short Blades   | 3 |  3.3
Fighting       | 4 |  4.1
Dodging        | |  1.5
Stealth        | |  3.3

Action                   |  1- 3 |  4- 6 || total
-------------------------+-------+-------++-------
Melee: Short sword       |    42 |       ||    42
       Tailslap          |     6 |       ||     6
 Abil: Rolling Charge    |     1 |       ||     1
Evoke: Wand              |     1 |       ||     1
  Use: Scroll            |     1 |     1 ||     2
       Potion            |     1 |       ||     1
 Stab: Distracted        |     1 |       ||     1
Armor: Leather armour    |    16 |       ||    16
Dodge: Dodged            |    26 |     1 ||    27

Table legend: (Time is in decaauts)
 A = Elapsed time spent in this place.
 B = Non-inter-level travel time spent in this place.
 C = Inter-level travel time spent in this place.
 D = Time resting spent in this place.
 E = Time spent auto-exploring this place.
 F = Levels seen in this place.
 G = Mean time per level.
                   A        B        C        D        E       F      G
               +--------+--------+--------+--------+--------+-----+--------+
         Total |    327 |    327 |      0 |     94 |     15 |   3 |  109.0 |
       Dungeon |    327 |    327 |      0 |     94 |     15 |   3 |  109.0 |
               +--------+--------+--------+--------+--------+-----+--------+

Top non-repeatable levels by time:
     D:5: 201 daAuts
     D:4: 66 daAuts
     D:6: 58 daAuts
